 Dungeon Crawl Stone Soup version 0.19.1-1-g22dce08 (webtiles) character file.

75 Kiturien the Shield-Bearer (level 4, -1/42 HPs)
             Began as a Deep Dwarf Fighter on Jan 19, 2017.
             Killed by divine providence
             ... invoked by an orc priest
              (13 damage)
             ... on level 3 of the Dungeon.
             The game lasted 00:03:25 (1369 turns).

Kiturien the Shield-Bearer (Deep Dwarf Fighter)     Turns: 1369, Time: 00:03:26

Health: -1/42      AC:  6    Str: 25    XL:     4   Next: 11%
Magic:  4/4        EV:  9    Int:  8    God:
Gold:   93         SH: 10    Dex: 12    Spells: 0 memorised, 3 levels left

rFire  . . .     SeeInvis .     a - +0 war axe
rCold  + + .     Gourm    .     h - +0 ring mail {rC+}
rNeg   . . .     Faith    .     c - +0 shield
rPois  .         Spirit   .     (no helmet)
rElec  .         Reflect  .     (no cloak)
rCorr  .         Harm     .     p - +0 pair of gloves
MR     .....                    (no boots)
Stlth  +.........               (no amulet)
                                m - +4 ring of strength
                                g - ring of protection from cold

@: non-regenerating
A: damage resistance, recharge devices, sense surroundings 1, slow regeneration
3
a: Device Recharging


You were on level 3 of the Dungeon.
You were not hungry.

You visited 1 branch of the dungeon, and saw 3 of its levels.

You collected 93 gold pieces.

Inventory:

Hand Weapons
 a - a +0 war axe (weapon)
 k - a +0 hand axe of pain
Armour
 b - a +0 scale mail
 c - a +0 shield (worn)
 h - a +0 ring mail of cold resistance (worn)
 p - a +0 pair of gloves (worn)
Jewellery
 g - a ring of protection from cold (left hand)
 m - a +4 ring of strength (right hand)
Wands
 e - a wand of heal wounds (5/9)
Scrolls
 n - a scroll of recharging {unknown}
 o - 4 scrolls of identify {unknown}
 q - a scroll of teleportation {unknown}
Potions
 d - 2 potions of might
 l - a potion of curing {unknown}
Comestibles
 f - 2 bread rations
 i - a royal jelly
 j - a meat ration


   Skills:
 + Level 3.0 Fighting
 + Level 3.2 Axes
 + Level 3.5 Armour
 + Level 1.0 Dodging
 + Level 0.3 Stealth
 + Level 4.0 Shields


You had 3 spell levels left.
You didn't know any spells.

Dungeon Overview and Level Annotations

Branches:
Dungeon (3/15)

Altars:
Qazlal


Innate Abilities, Weirdness & Mutations

You are resistant to damage.
You can recharge devices by infusing magical energy.
You passively map a small area around you.
You do not regenerate.


Message History

Things that are here:
a dagger; a robe
Found a scale mail.
An orc comes into view.
The orc shouts!
Found 18 gold pieces.
An orc comes into view.
The orc shouts!
The orc hits you.
* * * LOW HITPOINT WARNING * * *
Found a scroll labeled BEURUDI ZIASIA.
You hit the orc.
The orc is severely wounded.
The orc closely misses you.
You slash the orc!
You kill the orc!
You completely miss the orc priest.
The orc priest invokes the aid of Beogh against you.
Beogh smites you!
You die...

#............# *
* ###.########.#
#....).....#### *
, ######..##....#
* * #...#.##.# *
, ###...#..#.#.#.
* * *
...............,
, *
####.....#.#.#. *
#.....#@.....#
##$#..o........ ,
....###...[..#.*,
* ##.., .o.......
* ,## * ...##....
, ,..... .... , *
#.#.. ... * * ,
,#. .#. #? * ,


You could see an orc priest and an orc.

Vanquished Creatures
  An orc wizard (D:3)
  An adder (D:2)
  An ooze (D:1)
  A worm (D:2)
  A leopard gecko (D:3)
  An orc (D:3)
  A hobgoblin (D:1)
  3 ball pythons (D:2)
  2 bats (D:1)
  3 frilled lizards
  7 goblins
  3 kobolds
  6 rats
31 creatures vanquished.

Notes
Turn   | Place    | Note
-------+----------+-------------------------------------------
     0 | D:1      | Kiturien the Deep Dwarf Fighter began the quest for the Orb.
     0 | D:1      | Reached XP level 1. HP: 20/20 MP: 1/1
   278 | D:1      | Reached XP level 2. HP: 22/27 MP: 2/2
   748 | D:2      | Found a stormy altar of Qazlal.
   870 | D:2      | Reached XP level 3. HP: 18/34 MP: 3/3
  1355 | D:3      | Reached skill level 1 in Dodging
  1355 | D:3      | Reached skill level 4 in Shields
  1355 | D:3      | Reached XP level 4. HP: 13/42 MP: 4/4
  1369 | D:3      | Killed from afar by an orc priest

Skill      XL: |  1  2  3 |
---------------+----------+-----
Fighting       | 3 |  3.0
Axes           | 3 |  3.2
Dodging        | 1 |  1.0
Shields        | 4 |  4.0
Armour         | |  3.5
Stealth        | |  0.3

Action                   |  1- 3 |  4- 6 || total
-------------------------+-------+-------++-------
Melee: War axe           |   101 |     2 ||   103
       Hand axe          |     2 |       ||     2
  Eat: Bread ration      |     1 |       ||     1
Armor: Ring mail         |    36 |       ||    36
Dodge: Dodged            |    45 |     1 ||    46
Block: Shield            |    66 |       ||    66
